 Dungeon Crawl Stone Soup version 0.29-a0-1016-g236c7fd91e (console) character file.

Game seed: 6231359645999621954

25440 capslocke the Eclecticist (level 12, -3/50 HPs)
             Began as a Spriggan Venom Mage on Aug 3, 2022.
             Was an Elder of Hepliaklqana.
             Slain by a four-headed hydra (15 damage)
             ... on level 3 of the Lair of Beasts on Aug 10, 2022.
             The game lasted 01:33:08 (17468 turns).

capslocke the Eclecticist (Spriggan Venom Mage)    Turns: 17468, Time: 01:33:09

Health: -3/50      AC:  4    Str:  4    XL:     12   Next: 89%
Magic:  33/33      EV: 23    Int: 22    God:    Hepliaklqana [****..]
Gold:   781        SH:  6    Dex: 21    Spells: 26/43 levels left

rFire   . . .      SeeInvis +   o - +1 scimitar (flame)
rCold   + + .      Faith    .   r - +0 buckler
rNeg    . . .      Spirit   .   R - +2 robe {rC+}
rPois   .          Reflect  .   (helmet restricted)
rElec   .          Harm     .   (no cloak)
rCorr   .          Rampage  .   (gloves unavailable)
Will    ++...                   (boots unavailable)
Stlth   ++++......              (no amulet)
HPRegen 0.16/turn               s - ring of protection from cold
MPRegen 0.23/turn               O - +6 ring of dexterity

@: very quick
A: reduced essence, very small, no large weapons, unfitting armour, see
invisible, speed 3
a: Renounce Religion, Recall Ancestor, Ancestor Identity, Transference, Idealise


You were on level 3 of the Lair of Beasts.
You worshipped Hepliaklqana.
Hepliaklqana was greatly pleased with you.
You visited 3 branches of the dungeon, and saw 14 of its levels.
You also visited: Sewer.

You collected 781 gold pieces.

Inventory:

Hand Weapons
 f - a +0 dagger of speed
 l - a +1 broad axe of electrocution
 o - a +1 scimitar of flaming (weapon)
 q - a +1 short sword of protection
 z - a +0 falchion of holy wrath
 I - a +1 short sword of venom
Missiles
 F - a curare-tipped dart
Armour
 a - a +0 robe
 n - a +1 cloak
 r - a +0 buckler (worn)
 y - a +1 robe of cold resistance
 B - an orb of light
 R - a +2 robe of cold resistance (worn)
Magical Staves
 T - a staff of cold
Jewellery
 s - a ring of protection from cold (left hand)
 x - a ring of fire
 G - a ring of protection from cold
 O - a +6 ring of dexterity (right hand)
 P - a +6 ring of dexterity
Wands
 v - a wand of roots (7)
 C - a wand of acid (8)
 J - a wand of paralysis (22)
 K - a wand of digging (8)
 L - a wand of polymorph (12)
 M - a wand of mindburst (6)
Scrolls
 d - 9 scrolls of identify
 e - 2 scrolls of teleportation
 g - a scroll of acquirement {unknown}
 h - a scroll of immolation {unknown}
 i - 3 scrolls of vulnerability {unknown}
 j - 2 scrolls of poison {unknown}
 k - 2 scrolls of blinking {unknown}
 m - 2 scrolls of noise {unknown}
 p - 3 scrolls of torment {unknown}
 w - a scroll of enchant weapon {unknown}
 D - a scroll of fog {unknown}
 N - a scroll of magic mapping {unknown}
 S - a scroll of amnesia {unknown}
 W - a scroll of enchant armour {unknown}
Potions
 b - a potion of cancellation {unknown}
 c - a potion of ambrosia {unknown}
 t - 2 potions of brilliance {unknown}
 u - 4 potions of flight
 A - 3 potions of lignification {unknown}
 E - 2 potions of haste {unknown}
 H - 3 potions of mutation {unknown}
 Q - 3 potions of attraction {unknown}
 U - a potion of heal wounds
 X - a potion of resistance
Miscellaneous
 V - a phial of floods


   Skills:
 + Level 2.9 Fighting
 + Level 2.8 Short Blades
 - Level 0.3 Axes
 + Level 8.5 Dodging
 + Level 6.3 Stealth
 + Level 1.2 Unarmed Combat
 + Level 16.3 Spellcasting
 + Level 2.0 Conjurations
 + Level 3.5 Translocations
 + Level 9.5 Transmutations
 + Level 3.6 Air Magic
 + Level 11.9 Poison Magic
 + Level 2.0 Evocations


You had 26 spell levels left.
You knew the following spells:

 Your Spells              Type           Power      Damage    Failure   Level
a - Sting                 Tmut/Pois      100%       1d8       1%          1
b - Poisonous Vapours     Pois/Air       100%       N/A       1%          2
c - Mephitic Cloud        Conj/Pois/Air  43%        N/A       1%          3
d - Olgreb's Toxic Radia  Pois           63%        N/A       1%          4
e - Blink                 Tloc           66%        N/A       2%          2
f - Blade Hands           Tmut           28%        N/A       3%          5

Your spell library contained the following spells:

 Spells                   Type           Power      Damage    Failure   Level
 Passwall                 Tmut/Erth      31%        N/A       1%          2
 Shock                    Conj/Air       100%       1d9       2%          1
 Lesser Beckoning         Tloc           33%        N/A       4%          3
 Swiftness                Air            34%        N/A       4%          3
 Sandblast                Erth           34%        2d9       7%          1
 Corpse Rot               Necr/Pois/Air  40%        N/A       9%          4
 Stone Arrow              Conj/Erth      44%        3d9       14%         3
 Airstrike                Air            17%        2d(3-19)  16%         4
 Passage of Golubria      Tloc           33%        N/A       16%         4
 Tukima's Dance           Hex            17%        N/A       22%         3
 Yara's Violent Unravell  Hex/Tmut       19%        3d9       26%         5
 Manifold Assault         Tloc           33%        N/A       41%         5
 Animate Armour           Summ/Erth      34%        N/A       56%         4
 Dispel Undead            Necr           17%        3d10      56%         4
 Death Channel            Necr           8%         N/A       100%        6
 Iron Shot                Conj/Erth      11%        9d3       100%        6
 Ozocubu's Refrigeration  Ice            8%         4d9       100%        7
 Ignition                 Fire           8%         3d5       100%        8
 Chain Lightning          Conj/Air       15%        3d20      100%        9
 Fire Storm               Conj/Fire      11%        8d3       100%        9
 Shatter                  Erth           8%         3d10*     100%        9


Dungeon Overview and Level Annotations

Branches:
Dungeon (9/15)             Temple (1/1) D:4            Lair (4/5) D:9
  Swamp (0/4) Lair:2        Snake (0/4) Lair:3          Orc (0/2) D:9
  Sewer (visited)
  Slime: Lair:4-5

Altars:
Ashenzari
Cheibriados
Dithmenos
Elyvilon
Fedhas
Gozag
Hepliaklqana
Kikubaaqudgha
Makhleb
Nemelex Xobeh
Okawaru
Qazlal
Ru
Sif Muna
Trog
Uskayaw
Vehumet
Wu Jian
Xom
Yredelemnul
Zin
The Shining One

Shops:
D:3 =(*[*

Annotations:
D:3 1 exclusion
Lair:2 2 transporters
Lair:3 exclusion: oklob plant


Innate Abilities, Weirdness & Mutations

Your life essence is reduced to manifest your ancestor. (-10% HP)
You are very small and have problems with some larger weapons.
You are too small for most types of armour.
You have supernaturally acute eyesight. (SInv)
You cover ground extremely quickly. (Speed+++)


Message History

Your hands revert to their normal proportions.
Your +1 scimitar of flaming unmelds from your body.
Your +0 buckler unmelds from your body.
Your +1 scimitar of flaming bursts into flame!
You start resting.
Magic restored.
HP restored.
d - 9 scrolls of identify (gained 1)
You now have 781 gold pieces (gained 18).
Found a phial of floods.
There are no items here.
Found a potion of flight.
You see here a phial of floods.
V - a phial of floods
u - 4 potions of flight (gained 1)
You swap places.
A - 3 emerald potions (gained 1)
You swap places.
You swap places.
A six-headed hydra is nearby!
You are already wielding that!
You strike the helpless six-headed hydra from behind!
You lop one of the six-headed hydra's heads off!
The flame cauterises the wound!
You hit the five-headed hydra. You burn the five-headed hydra.
The five-headed hydra is lightly wounded.
The five-headed hydra completely misses you. x2
The five-headed hydra closely misses you.
The five-headed hydra barely misses you.
The five-headed hydra bites you!
You lop one of the five-headed hydra's heads off!
The flame cauterises the wound!
You hit the four-headed hydra. You burn the four-headed hydra.
The four-headed hydra is lightly wounded.
The four-headed hydra bites you!
You block the four-headed hydra's attack.
The four-headed hydra bites you!
* * * LOW HITPOINT WARNING * * *
The four-headed hydra bites you!
You die...

##. ... ..# #. .. ... ## .#..####
## # ##.#..#.##.## ##............
..#...............#
......D..........P# #..##@..#
...# ....#.... .P..#..#### ...##
...................#.##....P #
......... ..............# ######
#.......................# #.....
P.........#....#....#..#####.....
.....#...#.#..#......### #.#.....
....##........#.......# ##......
.....................## ##.....


You could see a four-headed hydra.

Vanquished Creatures
  A boulder beetle (Lair:3)
  Erica (D:9)
  A two-headed ogre (D:9)
  5 death yaks (Lair:3)
  Pikel (D:6)
  9 elephants (Lair:4)
  A black mamba (Lair:2)
  2 cane toads
  A rime drake (Lair:4)
  3 komodo dragons
  3 polar bears
  2 hornets
  15 yaks
  A basilisk (Lair:3)
  A steam dragon (D:9)
  Menkaure (D:5)
  4 water moccasins
  3 black bears
  An ice beast (D:6)
  3 orc warriors
  A sky beast (D:7)
  4 centaurs (Lair:1)
  3 wolves (Lair:2)
  2 ogres
  4 lemures (D:6)
  A phantom (D:7)
  9 bullfrogs
  A kobold brigand (D:7)
  A necrophage (D:6)
  3 scorpions (D:9)
  4 wights
  11 killer bees (D:8)
  6 howler monkeys
  An electric eel (D:6)
  3 hounds
  2 jellies
  6 orc priests
  3 iguanas
  5 orc wizards
  4 hell rats (Lair:4)
  11 adders
  A shadow imp (D:6)
  A white imp (D:5)
  5 dart slugs
  31 orcs
  5 ball pythons
  7 endoplasms
  4 giant cockroaches
  10 goblins
  6 hobgoblins
  13 jackals
  4 quokkas
  8 bats
  5 frilled lizards
  16 kobolds
  5 rats
265 creatures vanquished.

Vanquished Creatures (collateral kills)
  Fannar (Lair:2)
  A hydra (Lair:2)
  A death yak (Lair:3)
  A guardian serpent (Lair:3)
  2 elephants (Lair:4)
  2 cane toads
  3 komodo dragons (Lair:1)
  A rime drake (Lair:2)
  A troll (D:9)
  A polar bear (Lair:2)
  A shadow (D:9)
  A spriggan (Lair:2)
  3 yaks
  2 steam dragons
  7 water moccasins
  An orc warrior (D:9)
  A centaur (D:9)
  2 kobold brigands
  5 bullfrogs
  A scorpion (D:9)
  3 wights (D:8)
  A hound (D:6)
  An orc wizard (D:9)
  A white imp (D:7)
44 creatures vanquished.

Vanquished Creatures (others)
  4 knights
  45 fungi
  80 plants
129 creatures vanquished.

Grand Total: 438 creatures vanquished

Notes
Turn   | Place    | Note
-------+----------+-------------------------------------------
     0 | D:1      | capslocke the Spriggan Venom Mage began the quest for the
                  | Orb.
     0 | D:1      | Reached XP level 1. HP: 9/9 MP: 5/5
     2 | D:1      | Noticed a formicid
     2 | D:1      | Noticed a felid
     4 | D:1      | Noticed a troll
     4 | D:1      | Noticed a minotaur
     9 | D:1      | Noticed a demonspawn
     9 | D:1      | Noticed a human
    11 | D:1      | Noticed an elf
    13 | D:1      | Noticed a draconian
    15 | D:1      | Noticed a spriggan
    17 | D:1      | Noticed a demigod
    17 | D:1      | Noticed a naga
    19 | D:1      | Noticed a vine stalker
    19 | D:1      | Noticed an octopode
    21 | D:1      | Noticed a ghoul
    21 | D:1      | Noticed a dwarf
    23 | D:1      | Noticed an ogre
    23 | D:1      | Noticed a vampire
    25 | D:1      | Noticed a tengu
    25 | D:1      | Noticed a gargoyle
    27 | D:1      | Noticed a merfolk
   406 | D:1      | Reached XP level 2. HP: 13/13 MP: 4/6
   787 | D:1      | Reached skill level 3 in Spellcasting
  1393 | D:1      | Found a faded altar of an unknown god.
  1452 | D:1      | Reached XP level 3. HP: 16/16 MP: 3/8
  1874 | D:1      | Learned a level 2 spell: Poisonous Vapours
  2005 | D:1      | Learned a level 3 spell: Mephitic Cloud
  2862 | D:2      | Reached XP level 4. HP: 20/21 MP: 6/10
  3256 | D:3      | Found Osucan's Antique Armour Boutique.
  3355 | D:3      | Found a glowing drain.
  3581 | Sewer    | Entered a sewer
  3665 | Sewer    | Noticed a water moccasin
  3685 | Sewer    | Killed a water moccasin
  3686 | Sewer    | Reached skill level 1 in Short Blades
  3686 | Sewer    | Reached skill level 4 in Spellcasting
  3686 | Sewer    | Reached XP level 5. HP: 10/24 MP: 7/12
  3961 | D:3      | Found Saustry's Assorted Antiques.
  4053 | D:3      | Found Filimuso's General Store.
  4063 | D:3      | Found Vevaal's Antique Weapon Shop.
  4370 | D:3      | Upgraded the game from 0.29-a0-993-g4a18f31a58 to
                  | 0.29-a0-1016-g236c7fd91e
  4390 | D:3      | Found Amponna's Jewellery Shop.
  4715 | D:3      | Reached XP level 6. HP: 16/28 MP: 12/14
  4895 | D:3      | Reached skill level 5 in Spellcasting
  5382 | D:4      | HP: 1/28 [orc priest/divine providence (9)]
  5961 | D:4      | Found a staircase to the Ecumenical Temple.
  5980 | Temple   | Entered the Ecumenical Temple
  6321 | Temple   | Became a worshipper of Hepliaklqana the Forgotten
  6457 | D:4      | Learned a level 4 spell: Olgreb's Toxic Radiance
  6579 | D:5      | Entered Level 5 of the Dungeon
  6711 | D:5      | Reached XP level 7. HP: 25/32 MP: 9/16
  7280 | D:5      | Noticed Menkaure
  7287 | D:5      | Killed Menkaure
  7288 | D:5      | Reached skill level 6 in Spellcasting
  7330 | D:5      | Reached skill level 5 in Transmutations
  7566 | D:5      | Reached skill level 1 in Fighting
  7571 | D:5      | Reached skill level 5 in Dodging
  7715 | D:5      | Reached skill level 5 in Poison Magic
  7870 | D:6      | Reached XP level 8. HP: 31/37 MP: 13/19
  7886 | D:6      | Reached skill level 7 in Spellcasting
  8194 | D:6      | Noticed Pikel
  8217 | D:6      | Killed Pikel
  8218 | D:6      | Reached skill level 8 in Spellcasting
  8218 | D:6      | Reached skill level 1 in Air Magic
  8638 | D:6      | Reached * piety under Hepliaklqana
  9206 | D:7      | Reached XP level 9. HP: 33/36 MP: 13/22
  9348 | D:7      | Reached skill level 9 in Spellcasting
  9406 | D:7      | Found a large runed translucent door.
  9408 | D:7      | Found a large runed translucent door.
  9884 | D:7      | Found a broken altar of Ashenzari.
  9906 | D:7      | Found an ancient bone altar of Kikubaaqudgha.
 10270 | D:8      | Reached ** piety under Hepliaklqana
 10271 | D:8      | Remembered your ancestor pollysee as a knight
 10331 | D:8      | Reached skill level 10 in Spellcasting
 10769 | D:8      | Reached skill level 11 in Spellcasting
 10769 | D:8      | Reached XP level 10. HP: 16/40 MP: 7/26
 11474 | D:9      | Noticed a two-headed ogre
 11485 | D:9      | Reached skill level 1 in Conjurations
 11499 | D:9      | Killed a two-headed ogre
 11500 | D:9      | Reached skill level 12 in Spellcasting
 11687 | D:9      | Found a staircase to the Lair.
 11848 | D:9      | Noticed Erica
 11860 | D:9      | Killed Erica
 11983 | D:9      | Reached *** piety under Hepliaklqana
 12419 | D:9      | Found a staircase to the Orcish Mines.
 12754 | Lair:1   | Entered Level 1 of the Lair of Beasts
 12761 | Lair:1   | Learned a level 2 spell: Blink
 12822 | Lair:1   | Reached XP level 11. HP: 41/45 MP: 22/28
 13015 | Lair:1   | Reached skill level 13 in Spellcasting
 13120 | Lair:1   | Learned a level 5 spell: Blade Hands
 13286 | Lair:1   | Reached skill level 5 in Stealth
 13858 | Lair:1   | Found a burning altar of Makhleb.
 14071 | Lair:1   | Reached skill level 10 in Poison Magic
 14295 | Lair:2   | Noticed a four-headed hydra
 14306 | Lair:2   | Killed a two-headed hydra
 14312 | Lair:2   | Noticed Fannar
 14322 | Lair:2   | Killed Fannar
 14603 | Lair:2   | Found a staircase to the Swamp.
 14627 | Lair:2   | Found a transporter.
 14669 | Lair:2   | Found a transporter.
 14863 | Lair:2   | Reached **** piety under Hepliaklqana
 14894 | Lair:2   | Reached skill level 14 in Spellcasting
 15785 | Lair:3   | Found a staircase to the Snake Pit.
 15788 | Lair:3   | Noticed a six-headed hydra
 15789 | Lair:3   | Noticed a death yak
 15790 | Lair:3   | Noticed a death yak
 15797 | Lair:3   | Noticed a death yak
 15798 | Lair:3   | Noticed a death yak
 15798 | Lair:3   | Noticed a death yak
 15798 | Lair:3   | Noticed a death yak
 15810 | Lair:3   | Noticed a boulder beetle
 15982 | Lair:4   | Reached skill level 1 in Translocations
 15995 | Lair:4   | Reached XP level 12. HP: 46/49 MP: 8/31
 16002 | Lair:4   | Reached skill level 1 in Unarmed Combat
 16021 | Lair:4   | Reached skill level 15 in Spellcasting
 16315 | Lair:3   | Killed a boulder beetle
 16316 | Lair:3   | Reached skill level 1 in Evocations
 16892 | Lair:3   | Killed a death yak
 16893 | Lair:3   | Killed a death yak
 16894 | Lair:3   | Killed a death yak
 16907 | Lair:3   | Killed a death yak
 16908 | Lair:3   | Reached skill level 16 in Spellcasting
 16925 | Lair:3   | Killed a death yak
 16969 | Lair:3   | Killed a death yak
 17468 | Lair:3   | Slain by a four-headed hydra

Illustrated notes

Levels and vault maps discovered:
D:1:      kb_arrival_jail, layout_loops_corners,
          hellmonk_ecumenical_altar_heavens_door
D:2:      layout_loops_ring
D:3:      layout_basic, serial_shops, nicolae_shop_trees, shop_fountains,
          nicolae_shop_waterfront, shop_fountains, nicolae_shop_crystal,
          portal_sewer_entry_a
D:4:      layout_rooms, minmay_temple_entry_glass, minmay_crystal_room
D:5:      layout_basic, interstate_on_off, uniq_menkaure
D:6:      layout_cave_pools, serial_bayou_lake_a, uniq_pikel
D:7:      layout_basic, jmf_multi_god_temple2
D:8:      layout_cave_pods, minmay_hedge_maze
D:9:      layout_small_grid, due_lair_maze_entry_diamond, orc_david_3,
          uniq_erica
Temple:   mainiacjoe_temple_cubbyholes
Lair:1:   layout_loops_ring, minivault_24, lemuel_centaur_altar
Lair:2:   gammafunk_cloud_chamber, layout_regular_city, swamp_mist,
          grunt_forest_stairs_clearing, uniq_fannar
Lair:3:   layout_gridlike, minmay_snake_entry_spellcaster, grunt_megastairs_1
Lair:4:   layout_cave_pods, minmay_stone_trees_small

Skill      XL: |  1  2  3  4  5  6  7  8  9 10 11 12 |
---------------+-------------------------------------+-----
Dodging        | 3 4 5 6 7 8 |  8.5
Spellcasting   | 3 4 5 6 8 11 12 14 16 | 16.3
Transmutations | 2 3 4 5 6 7 9 |  9.5
Short Blades   | 1 2 |  2.8
Poison Magic   | 4 5 6 8 9 10 11 | 11.9
Stealth        | 4 6 |  6.3
Fighting       | 1 2 |  2.9
Air Magic      | 2 3 |  3.6
Conjurations   | 1 2 |  2.0
Translocations | 1 3 |  3.5
Unarmed Combat | 1 |  1.2
Evocations     | 2 |  2.0
Axes           | |  0.3

Action                   |  1- 3 |  4- 6 |  7- 9 | 10-12 || total
-------------------------+-------+-------+-------+-------++-------
Melee: Unarmed           |    27 |       |       |    20 ||    47
       Dagger            |    45 |    34 |       |       ||    79
       Broad axe         |       |    33 |    12 |       ||    45
       Short sword       |       |       |   143 |   122 ||   265
       Scimitar          |       |       |       |    33 ||    33
 Cast: Sting             |    65 |   110 |    99 |    56 ||   330
       Poisonous Vapours |       |     1 |     6 |       ||     7
       Mephitic Cloud    |       |     2 |     7 |    30 ||    39
       Olgreb's Toxic Ra |       |     1 |    25 |    83 ||   109
       Blade Hands       |       |       |       |     5 ||     5
       Blink             |       |       |       |     5 ||     5
Invok: Recall Ancestor   |       |       |     3 |    11 ||    14
       Ancestor Identity |       |       |     1 |       ||     1
       Ancestor Life: Kn |       |       |     1 |       ||     1
Evoke: Wand              |       |       |     1 |    12 ||    13
  Use: Potion            |       |     1 |       |    14 ||    15
       Scroll            |       |       |     3 |     3 ||     6
 Stab: Sleeping          |       |     2 |       |     2 ||     4
       Confused          |       |       |     1 |     5 ||     6
       Distracted        |       |       |       |     3 ||     3
Armor: Robe              |     9 |     8 |    36 |    26 ||    79
Dodge: Dodged            |    68 |   101 |   165 |   200 ||   534
Block: Buckler           |       |       |    28 |    62 ||    90

Table legend: (Time is in decaauts)
 A = Elapsed time spent in this place.
 B = Non-inter-level travel time spent in this place.
 C = Inter-level travel time spent in this place.
 D = Time resting spent in this place.
 E = Time spent auto-exploring this place.
 F = Levels seen in this place.
 G = Mean time per level.
                   A        B        C        D        E       F      G
               +--------+--------+--------+--------+--------+-----+--------+
         Total |  14194 |  13856 |    338 |   6224 |   5379 |  15 |  946.3 |
       Dungeon |   9736 |   9489 |    247 |   4166 |   3733 |   9 | 1081.8 |
        Temple |    240 |    184 |     56 |      0 |    179 |   1 |  240.0 |
          Lair |   3899 |   3865 |     34 |   1840 |   1409 |   4 |  974.8 |
         Sewer |    318 |    318 |      0 |    217 |     56 |   1 |  318.0 |
               +--------+--------+--------+--------+--------+-----+--------+

Top non-repeatable levels by time:
     D:1: 1723 daAuts
     D:3: 1624 daAuts
     D:8: 1425 daAuts
  Lair:1: 1214 daAuts
  Lair:2: 1171 daAuts
     D:5: 1158 daAuts
  Lair:3: 1118 daAuts
     D:6: 954 daAuts
     D:9: 871 daAuts
     D:2: 845 daAuts
     D:7: 622 daAuts
     D:4: 510 daAuts
  Lair:4: 394 daAuts
   Sewer: 318 daAuts
  Temple: 240 daAuts
